 Dungeon Crawl Stone Soup version 0.31-a0-574-g69dc8cc98e (webtiles) character file.

Game seed: 8373069929217722733

2792 avis the Nimble (level 9, 0/61 HPs)
             Began as a Felid Shapeshifter on Aug 18, 2023.
             Was an Initiate of Gozag.
             Slain by a minotaur
             ... wielding a +6 long sword of electrocution
              (7 damage)
             ... in a Gauntlet.
             The game lasted 01:13:24 (13262 turns).

avis the Nimble (Felid Shapeshifter)               Turns: 13262, Time: 01:13:24

Health: 0/61       AC: 24    Str: 11    XL:     9   Next: 43%
Magic:  10/10      EV:  4    Int: 11    God:    Gozag
Gold:   1508       SH:  0    Dex: 26    Spells: 6/8 levels left
                                        Lives:  0   Deaths: 3

rFire   . .          .
                       - Unarmed
rCold   + . .        (shield unavailable)
rNeg    . . .        (body armour unavailable)
rPois   +            (helmet unavailable)
rElec   .            (cloak unavailable)
rCorr   .            (gloves unavailable)
SInv    +            (boots unavailable)
Will    +....        (no amulet)
Stlth   ++++         D - +6 ring of dexterity
HPRegen 0.30/turn    E - ring of Ahilu {rC+ Slay+3}
MPRegen 0.12/turn

%: no teleportation
@: tree-form, invisible
A: stationary, stasis, torment immunity, boosted hp, very small, (claws 1),
(fangs 3), see invisible, (speed 1), (shaggy fur 2), (stealthy paws), no weapons
or thrown items, no armour, multi-lived
a: Renounce Religion, Potion Petition, Call Merchant, Bribe Branch


You were in a Gauntlet.
You worshipped Gozag.
Gozag was most pleased with you.
You were a tree.
You visited 2 branches of the dungeon, and saw 12 of its levels.
You visited the Abyss 1 time.
You also visited: Bailey and Gauntlet.

You collected 1703 gold pieces.
You spent 104 gold pieces at shops.
You paid 91 gold pieces to Gozag.

Inventory:

Jewellery
 d - a ring of protection from fire
 h - a ring of ice
 n - a +6 ring of dexterity
 o - a ring of protection from fire
 D - a +6 ring of dexterity (left branch)
 E - the ring of Ahilu (right branch) {rC+ Slay+3}
   (You found it in a Gauntlet)

   [ring of protection from cold]

   Slay+3:    It affects your accuracy & damage with ranged weapons and melee
   (+3).
   rC+:       It protects you from cold.
 F - the amulet of Wonder {RegenMP Harm rF+}
   (You found it in a Gauntlet)

   [amulet of magic regeneration]

   RegenMP:   It increases your rate of magic regeneration.
   rF+:       It protects you from fire.
   Harm:      It increases damage dealt and taken.
Talismans
 b - a beast talisman
 c - a flux talisman
Wands
 f - a wand of charming (9)
 u - a wand of flame (11)
 w - a wand of mindburst (9)
Scrolls
 e - 2 scrolls of immolation {unknown}
 g - 3 scrolls of enchant weapon {unknown}
 i - a scroll of blinking {unknown}
 j - a scroll of revelation {unknown}
 k - 7 scrolls of teleportation {unknown}
 p - a scroll of fog {unknown}
 q - a scroll of enchant armour {unknown}
 r - a scroll of brand weapon {unknown}
 t - a scroll of fear {unknown}
 v - a scroll of vulnerability {unknown}
 x - a scroll of amnesia {unknown}
Potions
 l - 6 potions of cancellation
 m - 4 potions of magic
 s - 2 potions of brilliance
 z - 2 potions of mutation {unknown}
 C - 4 potions of haste {unknown}


   Skills:
 * Level 6.1 Fighting
 + Level 13.6 Dodging
 + Level 5.5 Stealth
 + Level 11.5 Unarmed Combat
 - Level 3.0 Translocations
 - Level 6.0 Shapeshifting


You had 6 spell levels left.
You knew the following spells:

 Your Spells              Type           Power      Damage    Failure   Level
b - Blink                 Tloc           12%        N/A       16%         2

Your spell library contained the following spells:

 Spells                   Type           Power      Damage    Failure   Level
 Lesser Beckoning         Tloc           12%        N/A       16%         2
 Momentum Strike          Conj/Tloc      6%         3d8       28%         2
 Summon Lightning Spire   Summ/Air       0%         N/A       98%         4
 Lee's Rapid Deconstruct  Erth           0%         3d4*      100%        5
 Animate Armour           Summ/Erth      Unusable   N/A       N/A         4

Dungeon Overview and Level Annotations

Branches:
Dungeon (11/15)            Temple (1/1) D:6            Lair (0/5) D:10
    Orc (0/2) D:10         Bailey (visited)         Gauntlet (1/1)

Altars:
Ashenzari
Cheibriados
Dithmenos
Elyvilon
Fedhas
Gozag
Hepliaklqana
Kikubaaqudgha
Makhleb
Nemelex Xobeh
Okawaru
Qazlal
Ru
Sif Muna
Trog
Uskayaw
Vehumet
Wu Jian
Xom
Yredelemnul
Zin
The Shining One

Shops:
D:8 (   D:10 *

Annotations:
D:8 2 runed translucent doors, Mickster's ghost, novice HOBe Gauntlet 7 transporters, exclusion: 2 orange crystal statues


Innate Abilities, Weirdness & Mutations

You are a tree.
Your roots penetrate the ground, keeping you stationary.
You cannot be teleported.
You are immune to unholy pain and torment.
Your maximum health is greatly increased.
((You have sharp claws.))
((You have razor-sharp teeth.))
You have supernaturally acute eyesight. (SInv)
((You cover ground quickly. (Speed+)))
((You are covered in thick fur. (AC +2)))
((Your paws help you pounce on unaware monsters.))
You are incapable of wielding weapons or throwing items.
You cannot wear armour.
You gain extra lives every three experience levels.


Message History

The minotaur gores you.
Okay, then.
You hit the minotaur but do no damage.
The minotaur is lightly wounded.
You hit the minotaur but do no damage.
The minotaur is lightly wounded.
You strike the helpless minotaur from behind!
You pummel the minotaur!!
The minotaur is moderately wounded.
The minotaur barely misses you. The minotaur gores you!
You barely miss the minotaur.
The minotaur is moderately wounded.
The minotaur hits you but does no damage.
The minotaur barely misses you.
You barely miss the minotaur.
The minotaur is moderately wounded.
The minotaur hits you but does no damage.
The minotaur gores you!
* * * LOW HITPOINT WARNING * * *
You smack the minotaur!
You punch the minotaur, but do no damage.
The minotaur is heavily wounded.
Aiming: Quicksilver Bolt
Press: ? - help, Shift-Dir - straight line, f/p - minotaur
Aim: a minotaur, wielding a +6 long sword of electrocution, wearing +0 storm dragon scales, wearing the amulet of the Dolphin {rElec rN+ Will+ Regen+ Stlth-} and quivering silver javelins (heavily wounded, unable to see you, 83% to hit)
The bolt of dispelling energy hits the minotaur.
The minotaur is heavily wounded.
The now-empty wand crumbles to dust.
You catch the helpless minotaur completely off-guard!
You smack the minotaur!
The minotaur is severely wounded.
You hit the minotaur.
The minotaur is severely wounded.
You hit the minotaur.
The minotaur is severely wounded.
The minotaur hits you with a +6 long sword of electrocution!
* * * LOW HITPOINT WARNING * * *
The minotaur gores you!
You die...
Your body crumbles into a pile of gold.

..###########...###########..#8#
........#©#.......#©#........###
≈.......#.#..≈∩≈..#.#.......≈#
#########.#########.##########
#8# #≈...............≈# #8# ###
#8§8.8.8.8.8.8.8.8# ###
#≈§..............≈#
#########.#########
#.......H♣....# #.#######.###.#
..# .### ⌠. #. #⌠ #


You could see a minotaur (unable to see you).

Vanquished Creatures
  Erolcha (D:9)
  3 death yaks
  A thrashing horror (Abyss:1)
  Amaemon (D:7)
  An orange demon (D:8)
  A komodo dragon (D:10)
  An efreet (D:10)
  A troll (D:9)
  A spectral black mamba (Gauntlet)
  A wraith (D:10)
  A ynoxinul (Abyss:1)
  A vampire (D:10)
  A wyvern (D:9)
  9 yaks
  A steam dragon (D:8)
  An acid dragon (D:9)
  3 water moccasins
  2 hell hounds (Gauntlet)
  A sky beast (D:7)
  2 orc warriors
  3 ice beasts
  6 kobold brigands
  2 small abominations (Abyss:1)
  A gnoll sergeant (Temple)
  3 bullfrogs
  A scorpion (D:6)
  5 killer bees
  A howler monkey (D:8)
  8 jellies
  A lava snake (D:8)
  2 orc priests (D:8)
  A hound (D:4)
  Jessica (D:2)
  An iguana (D:5)
  8 orc wizards
  17 gnolls
  7 adders
  3 shadow imps
  4 white imps
  3 ufetubi
  A worm (D:2)
  3 dart slugs
  38 orcs
  A bat zombie (D:6)
  8 endoplasms
  5 giant cockroaches
  10 goblins
  6 hobgoblins
  6 jackals
  4 quokkas
  A ball python (D:4)
  5 bats
  3 frilled lizards
  27 kobolds
  6 rats
  2 rat zombies (D:6)
238 creatures vanquished.

Notes
Turn   | Place    | Note
-------+----------+-------------------------------------------
     0 | D:1      | avis the Felid Shapeshifter began the quest for the Orb.
     0 | D:1      | Reached XP level 1. HP: 9/9 MP: 2/2
   134 | D:1      | Reached skill level 3 in Dodging
   157 | D:1      | Reached XP level 2. HP: 6/12 MP: 3/3
   559 | D:1      | Reached XP level 3. HP: 9/16 MP: 4/4
   897 | D:1      | Found a faded altar of an unknown god.
  1083 | D:2      | Noticed Jessica
  1096 | D:2      | Killed Jessica
  1097 | D:2      | Reached XP level 4. HP: 6/19 MP: 5/5
  1460 | D:2      | You fall into a shaft and drop 1 floor!
  1638 | D:2      | Reached skill level 4 in Dodging
  2511 | D:3      | Found a glowing silver altar of Zin.
  2744 | D:4      | Reached XP level 5. HP: 17/22 MP: 6/6
  2891 | D:4      | Reached skill level 5 in Dodging
  3952 | D:5      | Entered Level 5 of the Dungeon
  4069 | D:5      | Noticed a water moccasin
  4149 | D:5      | Noticed a water moccasin
  4427 | D:5      | Reached skill level 5 in Unarmed Combat
  4427 | D:5      | Gained mutation: You are covered in thick fur. (AC +2)
                  | [Felid growth]
  4427 | D:5      | Reached XP level 6. HP: 17/27 MP: 7/7
  4498 | D:5      | Killed a water moccasin
  4499 | D:5      | Reached skill level 6 in Dodging
  4660 | D:5      | Learned a level 2 spell: Blink
  4688 | D:5      | Killed a water moccasin
  4689 | D:5      | Reached skill level 7 in Dodging
  4689 | D:5      | Reached skill level 1 in Stealth
  4689 | D:5      | Reached XP level 7. HP: 28/31 MP: 8/8
  4719 | D:5      | Reached skill level 1 in Translocations
  5144 | D:5      | Reached skill level 8 in Dodging
  5268 | D:6      | Found a staircase to the Ecumenical Temple.
  5276 | Temple   | Entered the Ecumenical Temple
  5293 | Temple   | Became a worshipper of Gozag Ym Sagoz the Greedy
  5555 | Temple   | Reached XP level 8. HP: 24/34 MP: 9/9
  5696 | D:6      | Reached skill level 9 in Dodging
  5853 | D:6      | Found an ancient bone altar of Kikubaaqudgha.
  5926 | D:6      | Found a shimmering altar of Xom.
  5931 | D:6      | Found an iron altar of Okawaru.
  6623 | D:7      | Reached skill level 10 in Dodging
  7351 | D:8      | Noticed Amaemon
  7357 | D:8      | Noticed an orange demon
  7658 | D:8      | Found Zasunk's Weapon Shoppe.
  7682 | D:8      | Killed an orange demon
  7683 | D:8      | Reached XP level 9. HP: 39/39 MP: 10/10
  7745 | D:8      | Reached skill level 11 in Dodging
  7786 | D:8      | Found a large runed translucent door.
  7786 | D:8      | Found a large runed translucent door.
  7788 | D:8      | Noticed Mickster's ghost (novice HOBe)
  8712 | D:7      | Killed Amaemon
  8805 | D:7      | Upgraded the game from 0.31-a0-564-g3b7de120b3 to
                  | 0.31-a0-574-g69dc8cc98e
  8899 | D:9      | Found a glowing golden altar of the Shining One.
  9014 | D:9      | Noticed Erolcha
  9052 | Abyss:1  | Cast into level 1 of the Abyss (Erolcha)
  9072 | Abyss:1  | Found a corrupted altar of Lugonu.
  9072 | Abyss:1  | Noticed an ancient lich
  9088 | Abyss:1  | Slain by an ancient lich
  9089 | Abyss:1  | Reached XP level 8. HP: -4/32 MP: 9/9
  9089 | Abyss:1  | Found a corrupted altar of Lugonu.
  9154 | Abyss:1  | Noticed an efreet
  9192 | Abyss:1  | Noticed an ancient zyme
  9193 | Abyss:1  | Noticed an ancient zyme
  9218 | Abyss:1  | Found a corrupted altar of Lugonu.
  9222 | Abyss:1  | Found a corrupted altar of Lugonu.
  9222 | Abyss:1  | Noticed a large abomination
  9222 | Abyss:1  | Found a corrupted altar of Lugonu.
  9223 | Abyss:1  | Noticed a thrashing horror
  9256 | Abyss:1  | Noticed a smoke demon
  9316 | Abyss:1  | Noticed a worldbinder
  9328 | Abyss:1  | Noticed a thrashing horror
  9343 | Abyss:1  | Killed a thrashing horror
  9344 | Abyss:1  | Reached skill level 12 in Dodging
  9344 | Abyss:1  | Reached skill level 5 in Shapeshifting
  9344 | Abyss:1  | Reached XP level 9. HP: 6/39 MP: 10/10
  9347 | D:9      | Escaped the Abyss
  9363 | D:9      | Killed Erolcha
  9364 | D:9      | Reached skill level 10 in Unarmed Combat
  9375 | D:9      | Noticed a troll
  9383 | D:9      | Killed a troll
  9520 | D:9      | Found a shadowy altar of Dithmenos.
 10027 | D:10     | Entered Level 10 of the Dungeon
 10059 | D:10     | Reached XP level 10. HP: 42/42 MP: 11/11
 10091 | D:10     | Found Ciqod's Assorted Antiques.
 10100 | D:9      | Found a snail-covered altar of Cheibriados.
 10139 | D:10     | Noticed a death yak
 10155 | D:10     | Noticed a death yak
 10158 | D:10     | Noticed a death yak
 10251 | D:10     | Found a staircase to the Lair.
 10371 | D:10     | Found a staircase to the Orcish Mines.
 10421 | D:10     | Found a flagged portal.
 10430 | Bailey   | Entered a bailey
 10926 | D:10     | Reached skill level 13 in Dodging
 11040 | D:9      | Killed a death yak
 11190 | D:10     | Mangled by a yak
 11191 | D:10     | Reached XP level 9. HP: -7/39 MP: 10/10
 11252 | D:9      | Killed a death yak
 11253 | D:9      | Reached skill level 5 in Fighting
 11479 | D:9      | Reached XP level 10. HP: 14/44 MP: 11/11
 12092 | D:8      | Killed a death yak
 12093 | D:8      | Reached skill level 5 in Stealth
 12318 | D:10     | Bought a worn fluorescent wand for 104 gold pieces
 12410 | D:11     | Found a gate leading to a gauntlet.
 12420 | Gauntlet | Entered a Gauntlet
 12420 | Gauntlet | Found a transporter.
 12420 | Gauntlet | Found a transporter.
 12424 | Gauntlet | Found a transporter.
 12425 | Gauntlet | Found a transporter.
 12426 | Gauntlet | Noticed a sixfirhy
 12430 | Gauntlet | Noticed a death scarab
 12435 | Gauntlet | Found a transporter.
 12445 | Gauntlet | Noticed a balrug
 12457 | Gauntlet | Found a transporter.
 12461 | Gauntlet | Noticed a balrug
 12465 | Gauntlet | Found a transporter.
 12466 | Gauntlet | Found a transporter.
 12478 | Gauntlet | Found a transporter.
 12479 | Gauntlet | Noticed an orange crystal statue
 12495 | Gauntlet | Noticed a minotaur
 12511 | Gauntlet | Found a transporter.
 12518 | Gauntlet | Found a transporter.
 12520 | Gauntlet | Noticed a sixfirhy
 12544 | Gauntlet | Noticed a rust devil
 12549 | Gauntlet | Found a transporter.
 12553 | Gauntlet | Noticed an elephant
 12595 | Gauntlet | Found a transporter.
 12600 | Gauntlet | Noticed an elephant
 12607 | Gauntlet | Noticed a dire elephant
 12615 | Gauntlet | Found a transporter.
 12735 | Gauntlet | Found a transporter.
 12752 | Gauntlet | Noticed an orange crystal statue
 12753 | Gauntlet | Found a transporter.
 12974 | Gauntlet | Identified the ring of Ahilu {rC+ Slay+3}
 13027 | Gauntlet | Identified the amulet of the Dolphin {rElec rN+ Will+
                  | Regen+ Stlth-}
 13037 | Gauntlet | Slain by a minotaur
 13038 | Gauntlet | Reached XP level 9. HP: -2/41 MP: 10/10
 13039 | Gauntlet | Identified the amulet of Wonder {RegenMP Harm rF+}
 13262 | Gauntlet | Slain by a minotaur

Illustrated notes

Levels and vault maps discovered:
D:1:      evilmike_arrival_rings, layout_basic,
          shapermc_ecumenical_altar_totnotflames, minmay_heptomino_l4
D:2:      layout_loops_ring, dreamdust_princess_bridge, uniq_jessica
D:3:      layout_basic, lemuel_tele_altar, minmay_quantized
D:4:      layout_basic
D:5:      layout_basic
D:6:      layout_loops_ring, mainiacjoe_overflow_large_starburst,
          lemuel_zombie_altar_kikubaaqudgha, minmay_temple_entry_tees
D:7:      layout_basic
D:8:      layout_loops_cross, serial_shops, shop, ebering_ghost_disaster_area,
          kennysheep_opposing_triangles, uniq_amaemon
D:9:      layout_cave_pools, nicolae_overflow_hidden_temple, uniq_erolcha
D:10:     layout_cave_pools, dpeg_lair_monsters, orc_0_dummy, enter_bailey_6,
          serial_shops, nicolae_shop_overgrown_old_shop
D:11:     layout_loops_cross, gauntlet_entry_generic, special_room
          [special_room_kobold]
Temple:   regret_index_temple_generic_petals
Gauntlet: gammafunk_gauntlet_branching [gammafunk_gauntlet_arena_crates,
          gammafunk_gauntlet_arena_arrow_garden, gammafunk_gauntlet_arena_teeth,
          gammafunk_gauntlet_arena_mazey, gammafunk_gauntlet_arena_chambers,
          gammafunk_gauntlet_arena_grid, nicolae_gauntlet_arena_grate_2,
          nicolae_gauntlet_swirl, dreamdust_gauntlet_exit_labyrinth]

Skill      XL: |  1  2  3  4  5  6  7  8  9 10 |
---------------+-------------------------------+-----
Dodging        | 3 4 5 7 8 12 11 13 | 13.6
Fighting       | 2 3 5 6 |  6.1
Unarmed Combat | 4 5 6 7 10 11 | 11.5
Stealth        | 1 2 3 5 |  5.5
Translocations | 2 3 |  3.0
Shapeshifting  | 5 4 6 |  6.0

Action                     |  1- 3 |  4- 6 |  7- 9 | 10-12 || total
---------------------------+-------+-------+-------+-------++-------
  Melee: Unarmed           |    97 |   101 |   436 |   159 ||   793
         Bite              |     7 |     9 |    64 |    24 ||   104
         Punch             |     2 |     4 |    23 |    13 ||    42
   Cast: Blink             |       |       |     3 |       ||     3
  Evoke: Wand              |       |     4 |     5 |     3 ||    12
    Use: Scroll            |       |       |     7 |       ||     7
         Potion            |       |       |    12 |     1 ||    13
   Stab: Sleeping          |     1 |     6 |     7 |    12 ||    26
         Distracted        |       |       |     5 |     3 ||     8
         Invisible         |       |       |     6 |       ||     6
 Armour: Skin              |     5 |     3 |    14 |     3 ||    25
  Dodge: Dodged            |    56 |    57 |   461 |   159 ||   733

Table legend: (Time is in decaauts)
 A = Elapsed time spent in this place.
 B = Non-inter-level travel time spent in this place.
 C = Inter-level travel time spent in this place.
 D = Time resting spent in this place.
 E = Time spent auto-exploring this place.
 F = Levels seen in this place.
 G = Mean time per level.
                   A        B        C        D        E       F      G
               +--------+--------+--------+--------+--------+-----+--------+
         Total |  11278 |   9912 |   1366 |   2140 |   3869 |  15 |  751.9 |
       Dungeon |   9648 |   8282 |   1366 |   1701 |   3869 |  11 |  877.1 |
        Temple |    251 |    251 |      0 |    146 |      0 |   1 |  251.0 |
         Abyss |    247 |    247 |      0 |     44 |      0 |   1 |  247.0 |
        Bailey |    417 |    417 |      0 |     76 |      0 |   1 |  417.0 |
      Gauntlet |    713 |    713 |      0 |    171 |      0 |   1 |  713.0 |
               +--------+--------+--------+--------+--------+-----+--------+

Top non-repeatable levels by time:
     D:9: 1323 daAuts
     D:8: 1299 daAuts
     D:4: 1275 daAuts
     D:7: 1111 daAuts
     D:1: 1018 daAuts
     D:5: 825 daAuts
     D:6: 765 daAuts
     D:3: 715 daAuts
Gauntlet: 713 daAuts
    D:10: 706 daAuts
     D:2: 585 daAuts
  Bailey: 417 daAuts
  Temple: 251 daAuts
 Abyss:1: 247 daAuts
    D:11: 20 daAuts
